cohdb
Replays
Latest Replays
All Replays
Popular Replays
Top Player Replays
Match Explorer
How It Works
Community
CoH3 Stats
Reddit
Sign in to upload your games and track your stats! →
Sign in with Steam
Match 42962258
Unlisted
Match 42962258
Overview
Messages
Build Orders
End
Vickers Machine Gun Team
Construct Section Command Post
Selects Heavy Armor Battlegroup
Infantry Section
Dingo Light Scout Car
ML 3-inch Mortar Team
Construct Platoon Command Post
Selects Rigorous Vehicle Training
Unlock M3 Stuart Light Tanks
Infantry Section
Haris
.
BmAAn
ImNotProPlayerr
Stratego
̶H̶e̶c̶t̶o̶r̶
0
0
Comments
sign in to comment!
No comments posted yet!